 Dungeon Crawl Stone Soup version 0.13-a0-2531-g2ad9301 (webtiles) character file.

5746 Rycklaryybbe the Transmogrifier (level 10, -7/72 HPs)
             Began as a Demigod Transmuter on July 26, 2013.
             Mangled by a wolf (10 damage)
             ... on Level 9 of the Dungeon.
             The game lasted 00:56:42 (9057 turns).

Rycklaryybbe the Transmogrifier (DgTm)              Turns: 9057, Time: 00:56:42

HP  -7/72        AC  4     Str 15      XL: 10   Next: 17%
MP  15/20        EV 13     Int 20      God:
Gold 331         SH  0     Dex 20      Spells:  3 memorised,  3 levels left

Res.Fire  : . . .   See Invis. : .     - Unarmed
Res.Cold  : . . .   Warding    : .   K - +2 elf robe {rN+}
Life Prot.: + . .   Conserve   : .   (shield currently unavailable)
Res.Poison: .       Res.Corr.  : .   (no helmet)
Res.Elec. : .       Clarity    : .   (no cloak)
Sust.Abil.: . .     Spirit.Shd : .   e - melded +0 pair of gauntlets
Res.Mut.  : .       Stasis     : .   (no boots)
Res.Rott. : .       Flight     : .   (no amulet)
Saprovore : . . .                    n - +0,+5 ring of slaying
                                     i - ring of regeneration

@: blade hands, somewhat resistant to hostile enchantments, fairly stealthy
A: Str +1
a: End Transformation


You were on level 9 of the Dungeon.
You were not hungry.
Your hands were blades.
You visited 2 branches of the dungeon, and saw 10 of its levels.

You collected 311 gold pieces.

Inventory:

Hand weapons
 a - a +2,+3 whip of electrocution
 b - a +0 blowgun
 y - a +0,+1 orcish club
Missiles
 g - 45 arrows
 m - 12 poisoned needles
 r - a poisoned dart (quivered)
 B - 5 javelins
Armour
 e - a +0 pair of gauntlets (melded)
 h - a +1 buckler
 q - a +3 elven leather armour of fire resistance
 A - a +2 robe
 K - a +2 elven robe of positive energy (worn)
Magical devices
 D - a wand of disintegration (16)
 H - a wand of magic darts (6)
 M - a wand of paralysis (2)
Comestibles
 l - 2 pears
 p - 6 meat rations
 s - 2 chokos
 t - 7 bread rations
 w - 8 lemons
 C - a rotting chunk of hobgoblin flesh
 G - 4 cheeses
 J - a chunk of hound flesh
 O - 4 chunks of yak flesh
 P - a chunk of adder flesh
 Q - 5 chunks of orc flesh
Scrolls
 f - a scroll of random uselessness
 j - a scroll of identify
 o - 3 scrolls of enchant weapon II
 u - 3 scrolls of remove curse
Jewellery
 i - a ring of regeneration (left scythe-like blade)
 n - a +0,+5 ring of slaying (right scythe-like blade)
 v - an uncursed ring of positive energy
 z - an uncursed ring of sustenance
 F - an uncursed ring of poison resistance
 I - a +5 ring of intelligence
Potions
 k - 2 potions of restore abilities
 L - a potion of flight
Books
 d - a book of Changes

   Spells                             Type                      Level
   *Beastly Appendage                 Transmutation                1
   Sticks to Snakes                   Transmutation                2
   *Spider Form                       Transmutation/Poison         3
   Ice Form                           Ice/Transmutation            4
   *Blade Hands                       Transmutation                5
 x - a Grand Grimoire {highlevel}

   This book is beyond your current level of understanding.

   Spells                             Type                      Level
   Demonic Horde                      Summoning                    6
   Mass Abjuration                    Summoning                    6
   Haunt                              Necromancy/Summoning         7
   Summon Greater Demon               Summoning                    7
   Malign Gateway                     Summoning/Translocation      7
   Summon Horrible Things             Summoning                    8
 E - a Necronomicon {highlevel}

   This book is beyond your current level of understanding.

   Spells                             Type                      Level
   Borgnjor's Revivification          Necromancy                   7
   Haunt                              Necromancy/Summoning         7
   Death's Door                       Charms/Necromancy            8
   Necromutation                      Transmutation/Necromancy     8
 N - a book of Alchemy

   Spells                             Type                      Level
   Lethal Infusion                    Charms/Necromancy            2
   Sublimation of Blood               Necromancy                   2
   Condensation Shield                Ice                          4
   Alistair's Intoxication            Transmutation/Poison         4
   Petrify                            Transmutation/Earth          4
   Ignite Poison                      Fire/Transmutation           5
Miscellaneous
 c - a plain deck of war


   Skills:
 + Level 0.8 Fighting
 - Level 2.1 Armour
 + Level 1.7 Dodging
 - Level 10.0 Unarmed Combat
 - Level 1.7 Spellcasting
 - Level 10.1 Transmutations
 - Level 2.0 Poison Magic


You had 3 spell levels left.
You knew the following spells:

 Your Spells              Type           Power        Failure   Level  Hunger
a - Beastly Appendage     Trmt           #####.       10%         1    #......
b - Spider Form           Trmt/Pois      ####......   32%         3    ####...
c - Blade Hands           Trmt           #####.....   45%         5    ######.


Dungeon Overview and Level Annotations

Branches:
Dungeon (9/27)             Temple (1/1) D:7             Orc (0/4) D:7
   Lair: D:8-13

Shops:
D:9: %

Annotations
D:7 onwiheg's ghost, experienced TrBe
D:9 Egregious' ghost, experienced TeFi


Innate Abilities, Weirdness & Mutations

Your muscles are strong (Str +1).


Message History

The wolf closely misses you. The wolf bites you! The wolf bites you.
The wolf bites you.
You barely miss the wolf.
The wolf is heavily wounded.
The wolf bites you. The wolf bites you!
* * * LOW HITPOINT WARNING * * *
The wolf closely misses you.
You are too injured to fight recklessly!
Unknown command.
The wolf barely misses you.
You barely miss the wolf. The wolf bites you!
* * * LOW HITPOINT WARNING * * *
The wolf bites you.
* * * LOW HITPOINT WARNING * * *
The wolf misses you. The wolf barely misses you.
Unknown command.
The wolf bites you!
* * * LOW HITPOINT WARNING * * *
The wolf bites you!
You die...

# #...####.# #.# ###........# #.#
...........# #.# ###......).# #.#
#......##..###.###
#...<..#.........#
#......#.........#
#).............h.# *****
())....#.......h@#**********≈≈≈**
.##..###........@........,,,,≈≈≈*
.##..# #.........#######*,,,≈≈≈≈*
.##..# #.........# *,,,,≈≈≈*
.##..####..####### *,,,≈≈≈≈*
...........# *,,,,≈***
..........## ****≈≈*
.##.......### **** .########...#


You could see 2 wolves and a neutral freed slave (wandering).

Vanquished Creatures
  A hydra (D:9)
  Pikel (D:9)
  A troll (D:9)
  5 yaks (D:9)
  Grum (D:8)
  A hill giant skeleton (D:8)
  3 wolves
  A hungry ghost (D:8)
  A necrophage (D:5)
  An orc warrior (D:8)
  A phantom (D:5)
  A black bear (D:6)
  3 slaves (D:9)
  3 big kobolds (D:9)
  A centaur (D:5)
  Duvessa (D:5)
  3 giant frogs
  3 killer bees (D:7)
  4 hounds
  Dowan (D:5)
  6 crimson imps
  4 goliath beetles
  An iguana (D:8)
  8 orc priests
  9 worker ants
  7 orc wizards
  A gnoll shaman (D:6)
  2 sheep (D:9)
  A jelly (D:8)
  5 gnolls (D:6)
  7 adders
  An inept item mimic (D:3)
  2 giant mites
  4 worms
  An iguana skeleton (D:7)
  3 giant geckos
  An ooze (D:2)
  48 orcs
  13 bats
  9 giant cockroaches
  11 hobgoblins
  14 jackals
  5 quokkas
  7 giant newts
  5 goblins
  11 kobolds
  An orc skeleton (D:7)
  9 rats
  A rat skeleton (D:4)
  2 rat zombies
236 creatures vanquished.

Vanquished Creatures (others)
  3 plants (D:9)
3 creatures vanquished.

Grand Total: 239 creatures vanquished

Notes
Turn   | Place    | Note
--------------------------------------------------------------
     0 | D:1      | Rycklaryybbe, the Demigod Transmuter, began the quest for the Orb.
     0 | D:1      | Reached XP level 1. HP: 16/16 MP: 3/3
   210 | D:1      | Reached XP level 2. HP: 23/23 MP: 2/4
   651 | D:2      | Reached skill level 3 in Transmutations
   819 | D:2      | Reached XP level 3. HP: 28/28 MP: 5/7
   921 | D:2      | Learned a level 3 spell: Spider Form
  1505 | D:3      | Reached skill level 4 in Transmutations
  1505 | D:3      | Reached XP level 4. HP: 18/35 MP: 9/9
  1988 | D:4      | Found an ancient bone altar of Kikubaaqudgha.
  2065 | D:4      | Reached XP level 5. HP: 40/40 MP: 11/11
  2395 | D:4      | Reached skill level 5 in Transmutations
  2405 | D:4      | Reached skill level 1 in Poison Magic
  2600 | D:4      | Gained mutation: Your muscles are strong (Str +1). [potion of beneficial mutation]
  2662 | D:5      | Entered Level 5 of the Dungeon
  2662 | D:5      | Noticed a phantom
  2684 | D:5      | Killed a phantom
  2684 | D:5      | Reached XP level 6. HP: 18/47 MP: 13/13
  2965 | D:5      | Found a white marble altar of Elyvilon.
  3062 | D:5      | Noticed Duvessa
  3064 | D:5      | Noticed Dowan
  3083 | D:5      | Killed Duvessa
  3083 | D:5      | Reached skill level 5 in Unarmed Combat
  3135 | D:5      | Reached XP level 7. HP: 42/52 MP: 14/16
  3192 | D:5      | Killed Dowan
  3507 | D:5      | Noticed a necrophage
  3529 | D:5      | Killed a necrophage
  3529 | D:5      | Reached skill level 6 in Unarmed Combat
  4068 | D:6      | Reached skill level 7 in Unarmed Combat
  4504 | D:6      | Reached XP level 8. HP: 57/59 MP: 15/17
  4787 | D:7      | Found a sparkling altar of Nemelex Xobeh.
  4855 | D:7      | Found a staircase to the Ecumenical Temple.
  4880 | D:7      | Reached skill level 1 in Armour
  4885 | D:7      | Found a staircase to the Orcish Mines.
  5157 | D:6      | Learned a level 5 spell: Blade Hands
  5327 | D:7      | Noticed onwiheg's ghost (experienced TrBe)
  5568 | D:8      | Reached skill level 8 in Unarmed Combat
  5661 | D:8      | Noticed Grum
  5832 | D:8      | Reached skill level 9 in Unarmed Combat
  5892 | D:8      | Killed Grum
  6156 | D:8      | Reached XP level 9. HP: 41/64 MP: 18/18
  6273 | D:8      | Reached skill level 10 in Unarmed Combat
  7128 | Temple   | Entered the Ecumenical Temple
  7961 | D:9      | Noticed a two-headed hydra
  8486 | D:9      | Killed a three-headed hydra
  8599 | D:9      | Noticed Egregious' ghost (experienced TeFi)
  8620 | D:9      | Found a deep blue altar of Sif Muna.
  8639 | D:9      | Found Jenaolli's Food Emporium.
  8852 | D:9      | Noticed Pikel
  8859 | D:9      | Killed Pikel
  8859 | D:9      | Reached XP level 10. HP: 64/72 MP: 8/20
  8938 | D:9      | Reached skill level 10 in Transmutations
  9057 | D:9      | HP: 3/72 [wolf (10)]
  9057 | D:9      | Mangled by a wolf

Action                   |  1- 3 |  4- 6 |  7- 9 | 10-12 || total
-------------------------+-------+-------+-------+-------++-------
Melee: Unarmed           |    30 |    10 |   291 |    45 ||   376
       Whip              |    84 |   128 |   136 |       ||   348
 Fire: Blowgun           |     2 |       |    18 |       ||    20
Throw: Javelin           |       |    10 |    32 |       ||    42
       Dart              |       |       |     2 |       ||     2
 Cast: Beastly Appendage |    13 |    10 |    36 |     3 ||    62
       Spider Form       |       |     2 |    19 |       ||    21
       Blade Hands       |       |       |     2 |     3 ||     5
 Abil: End Transformatio |       |     1 |     5 |       ||     6
Evoke: Wand              |       |       |     6 |       ||     6
  Use: Scroll            |       |    11 |    15 |       ||    26
       Potion            |       |    10 |     9 |       ||    19
 Stab: Sleeping          |       |     1 |     2 |       ||     3
       Paralysed         |       |       |     2 |       ||     2
